TOP OF THE 1ST |
Chicago Hawks batting - Pitching for Buckhead Bowties : RHP Roderick Rhodes
|
Pitching: RHP Roderick Rhodes
|
|
Batting: RHB Luis Rodríguez
|
0-0: Ground out 6-3 (Groundball, 6)
|
Batting: RHB Paddy Hodnett
|
0-0: Foul Ball, location: 2F 0-1: Ball 1-1: Foul Ball, location: 2F 1-2: Foul Ball, location: 2F 1-2: Foul Ball, location: 2F 1-2: SOLO HOME RUN (Flyball, 78XD), Distance : 424 ft
|
Batting: LHB Jeff Simpson
|
0-0: Ball 1-0: Ball 2-0: Ball 3-0: Base on Balls
|
Batting: RHB Enrique Marroquín
|
0-0: Ball 1-0: DOUBLE (Line Drive, 7LM) Jeff Simpson to third
|
Batting: LHB Curt Wilson
|
0-0: Called Strike 0-1: Swinging Strike 0-2: Ball 1-2: Strikes out swinging
|
Batting: SHB Luis Manuel Flores
|
0-0: Called Strike 0-1: Ball 1-1: Ball 2-1: Ball 3-1: Fly out, F9 (Line Drive, 9LD)
|
Top of the 1st over - 1 run, 2 hits, 0 errors, 2 left on base; Chicago 1 - Buckhead 0 |
BOTTOM OF THE 1ST |
Buckhead Bowties batting - Pitching for Chicago Hawks : RHP Carlos Garza
|
Pitching: RHP Carlos Garza
|
|
Batting: RHB Mike Burns
|
0-0: Called Strike 0-1: Ball 1-1: Called Strike 1-2: Strikes out swinging
|
Batting: LHB Gregg Young
|
0-0: Called Strike 0-1: Ball 1-1: Ball 2-1: Ball 3-1: Base on Balls
|
Batting: RHB Richard Jost
|
0-0: Ball Wild Pitch! Gregg Young to second 1-0: Called Strike 1-1: Foul Ball, location: 2F 1-2: Foul Ball, location: 2F 1-2: Foul Ball, location: 2F 1-2: Ball 2-2: Strikes out swinging
|
Batting: RHB Vojtech Farkas
|
0-0: Called Strike 0-1: Foul Ball, location: 2F 0-2: Ground out U3 (Groundball, 34)
|
Bottom of the 1st over - 0 runs, 0 hits, 0 errors, 1 left on base; Chicago 1 - Buckhead 0 |
TOP OF THE 2ND |
Chicago Hawks batting - Pitching for Buckhead Bowties : RHP Roderick Rhodes
|
Batting: SHB Juan Ortega
|
0-0: Swinging Strike 0-1: Ball 1-1: Ball 2-1: Foul Ball, location: 2F 2-2: Strikes out looking
|
Batting: LHB Perry Bothof
|
0-0: Called Strike 0-1: Foul Ball, location: 2F 0-2: Fly out, F4 (Line Drive, 34)
|
Batting: RHB Lorenzo Sabastro
|
0-0: Called Strike 0-1: Ball 1-1: Called Strike 1-2: Strikes out swinging
|
Top of the 2nd over - 0 runs, 0 hits, 0 errors, 0 left on base; Chicago 1 - Buckhead 0 |
BOTTOM OF THE 2ND |
Buckhead Bowties batting - Pitching for Chicago Hawks : RHP Carlos Garza
|
Batting: RHB Todd Sentell
|
0-0: Ball 1-0: Swinging Strike 1-1: Foul Ball, location: 2F 1-2: Strikes out swinging
|
Batting: RHB Kyle Vandenbrink
|
0-0: Ball 1-0: Ball 2-0: SINGLE (Line Drive, 9LS)
|
Batting: LHB José Valéncia
|
0-0: Ball 1-0: Called Strike Kyle Vandenbrink is caught stealing 2nd base 1-1: Swinging Strike 1-2: Strikes out swinging
|
Bottom of the 2nd over - 0 runs, 1 hit, 0 errors, 0 left on base; Chicago 1 - Buckhead 0 |
TOP OF THE 3RD |
Chicago Hawks batting - Pitching for Buckhead Bowties : RHP Roderick Rhodes
|
Batting: RHB Luis Rodríguez
|
0-0: Ball 1-0: Ball 2-0: Ball 3-0: Called Strike 3-1: Base on Balls
|
Batting: RHB Paddy Hodnett
|
0-0: Foul Ball, location: 2F 0-1: Ball 1-1: Ball 2-1: SINGLE (Line Drive, 4MD) Luis Rodríguez to second
|
Batting: LHB Jeff Simpson
|
0-0: Foul Ball, location: 2F 0-1: Ball 1-1: Called Strike 1-2: Ball 2-2: Ball 3-2: Base on Balls Luis Rodríguez to third Paddy Hodnett to second
|
Batting: RHB Enrique Marroquín
|
0-0: Foul Ball, location: 2F 0-1: Swinging Strike 0-2: Strikes out swinging
|
Batting: LHB Curt Wilson
|
0-0: Fielders Choice at 2nd, 3-6 (Groundball, 3) Luis Rodríguez scores Paddy Hodnett to third
|
Batting: SHB Luis Manuel Flores
|
0-0: Fly out, F6 (Line Drive, 6M)
|
Top of the 3rd over - 1 run, 1 hit, 0 errors, 2 left on base; Chicago 2 - Buckhead 0 |
BOTTOM OF THE 3RD |
Buckhead Bowties batting - Pitching for Chicago Hawks : RHP Carlos Garza
|
Batting: RHB Raúl Ruíz
|
0-0: SINGLE (Groundball, 56D)
|
Batting: RHB Phil Baker
|
0-0: Ball 1-0: Foul Ball, location: 2F 1-1: Swinging Strike 1-2: Foul Ball, location: 2F 1-2: Ball 2-2: Fly out, F9 (Flyball, 89M)
|
Batting: RHB Mike Burns
|
0-0: Called Strike Raúl Ruíz steals 2nd base 0-1: Foul Ball, location: 2F 0-2: Ball 1-2: Ball 2-2: Foul Ball, location: 2F 2-2: Ball 3-2: Strikes out swinging
|
Batting: LHB Gregg Young
|
0-0: Called Strike 0-1: Swinging Strike 0-2: Strikes out swinging
|
Bottom of the 3rd over - 0 runs, 1 hit, 0 errors, 1 left on base; Chicago 2 - Buckhead 0 |
TOP OF THE 4TH |
Chicago Hawks batting - Pitching for Buckhead Bowties : RHP Roderick Rhodes
|
Batting: SHB Juan Ortega
|
0-0: Ball 1-0: Fly out, F8 (Flyball, 8RM)
|
Batting: LHB Perry Bothof
|
0-0: Ball 1-0: Ball 2-0: Ball 3-0: Called Strike 3-1: Called Strike 3-2: Base on Balls
|
Batting: RHB Lorenzo Sabastro
|
0-0: Ball 1-0: Swinging Strike 1-1: Ball 2-1: Ball 3-1: Called Strike 3-2: Grounds into double play, 6-4-3 (Groundball, 6)
|
Top of the 4th over - 0 runs, 0 hits, 0 errors, 0 left on base; Chicago 2 - Buckhead 0 |
BOTTOM OF THE 4TH |
Buckhead Bowties batting - Pitching for Chicago Hawks : RHP Carlos Garza
|
Batting: RHB Richard Jost
|
0-0: Ball 1-0: Ball 2-0: Ball 3-0: Called Strike 3-1: Called Strike 3-2: Foul Ball, location: 2F 3-2: SINGLE (Flyball, 7LS)
|
Batting: RHB Vojtech Farkas
|
0-0: Swinging Strike 0-1: Ball 1-1: Ball 2-1: Called Strike 2-2: Strikes out swinging
|
Batting: RHB Todd Sentell
|
0-0: SINGLE (Line Drive, 78S) Richard Jost to second
|
Batting: RHB Kyle Vandenbrink
|
0-0: Fly out, F9 (Flyball, 9LM)
|
Batting: LHB José Valéncia
|
0-0: Ball 1-0: Foul Ball, location: 2F 1-1: Fly out, F9 (Flyball, 89D)
|
Bottom of the 4th over - 0 runs, 2 hits, 0 errors, 2 left on base; Chicago 2 - Buckhead 0 |
TOP OF THE 5TH |
Chicago Hawks batting - Pitching for Buckhead Bowties : RHP Roderick Rhodes
|
Batting: RHB Luis Rodríguez
|
0-0: Ball 1-0: Foul Ball, location: 2F 1-1: Foul Ball, location: 2F 1-2: Strikes out looking
|
Pitching: RHP Tomás Vargas
|
|
Batting: RHB Paddy Hodnett
|
0-0: Ball 1-0: Called Strike 1-1: Called Strike 1-2: Ball 2-2: Strikes out swinging
|
Batting: LHB Jeff Simpson
|
0-0: Called Strike 0-1: Ground out 1-3 (Groundball, 15S)
|
Top of the 5th over - 0 runs, 0 hits, 0 errors, 0 left on base; Chicago 2 - Buckhead 0 |
BOTTOM OF THE 5TH |
Buckhead Bowties batting - Pitching for Chicago Hawks : RHP Carlos Garza
|
Batting: RHB Raúl Ruíz
|
0-0: Ball 1-0: Foul Ball, location: 2F 1-1: Called Strike 1-2: Ball 2-2: Fly out, F6 (Popup, 6)
|
Batting: RHB Phil Baker
|
0-0: Foul Ball, location: 2F 0-1: Ball 1-1: Foul Ball, location: 2F 1-2: SINGLE (Flyball, 9S)
|
Batting: RHB Mike Burns
|
0-0: Ground out 3-1 (Groundball, 2R) Phil Baker to second
|
Batting: LHB Gregg Young
|
0-0: Called Strike 0-1: Ball 1-1: Ball 2-1: SINGLE (Groundball, 6D) Phil Baker to third
|
Batting: RHB Richard Jost
|
0-0: Called Strike 0-1: Fly out, F4 (Popup, 34)
|
Bottom of the 5th over - 0 runs, 2 hits, 0 errors, 2 left on base; Chicago 2 - Buckhead 0 |
TOP OF THE 6TH |
Chicago Hawks batting - Pitching for Buckhead Bowties : RHP Tomás Vargas
|
Batting: RHB Enrique Marroquín
|
0-0: Called Strike 0-1: Foul Ball, location: 2F 0-2: Reached on error, E5 (Groundball, 25)
|
Batting: LHB Curt Wilson
|
0-0: Ball 1-0: Ball 2-0: 2-RUN HOME RUN (Flyball, 9LD), Distance : 355 ft
|
Batting: SHB Luis Manuel Flores
|
0-0: Ground out 1-3 (Groundball, 13)
|
Batting: SHB Juan Ortega
|
0-0: Ball 1-0: Foul Ball, location: 2F 1-1: Foul Ball, location: 2F 1-2: Ball 2-2: Ball 3-2: Base on Balls
|
Batting: LHB Perry Bothof
|
0-0: Fly out, F5 (Popup, 56)
|
Batting: RHB Lorenzo Sabastro
|
0-0: Called Strike 0-1: Swinging Strike 0-2: Ball 1-2: Ball 2-2: Strikes out looking
|
Top of the 6th over - 2 runs, 1 hit, 1 error, 1 left on base; Chicago 4 - Buckhead 0 |
BOTTOM OF THE 6TH |
Buckhead Bowties batting - Pitching for Chicago Hawks : RHP Carlos Garza
|
Batting: RHB Vojtech Farkas
|
0-0: Ball 1-0: Ball 2-0: Ball 3-0: Foul Ball, location: 2F 3-1: Called Strike 3-2: Foul Ball, location: 2F 3-2: Foul Ball, location: 2F 3-2: Foul Ball, location: 2F 3-2: Foul Ball, location: 2F 3-2: Foul Ball, location: 2F 3-2: SINGLE (Groundball, 6MD)
|
Batting: RHB Todd Sentell
|
0-0: DOUBLE (Groundball, 5L) Vojtech Farkas to third Runner from 3rd tries for Home, SAFE, no throw
|
Pitching: RHP Benny York
|
|
Batting: RHB Kyle Vandenbrink
|
0-0: Called Strike 0-1: Ball 1-1: Ground out 6-3 (Groundball, 6D)
|
Batting: LHB José Valéncia
|
0-0: Foul Ball, location: 2F 0-1: Swinging Strike 0-2: Foul Ball, location: 2F 0-2: Ball 1-2: SINGLE (Flyball, 7S) Todd Sentell to third
|
Batting: RHB Raúl Ruíz
|
0-0: Ball José Valéncia steals 2nd base 1-0: Called Strike 1-1: Called Strike 1-2: Foul Ball, location: 2F 1-2: Ball 2-2: Ball 3-2: Ground out 5-3 (Groundball, 56S) Todd Sentell scores José Valéncia to third
|
Batting: RHB Phil Baker
|
0-0: Called Strike 0-1: Foul Ball, location: 2F 0-2: Ball 1-2: Ball 2-2: Strikes out swinging
|
Bottom of the 6th over - 2 runs, 3 hits, 0 errors, 1 left on base; Chicago 4 - Buckhead 2 |
TOP OF THE 7TH |
Chicago Hawks batting - Pitching for Buckhead Bowties : RHP Tomás Vargas
|
Batting: RHB Luis Rodríguez
|
0-0: Called Strike 0-1: SINGLE (Line Drive, 34D)
|
Batting: RHB Paddy Hodnett
|
0-0: Bunt missed! 0-1: Bunt missed! 0-2: Ball 1-2: Ball 2-2: Foul Ball, location: 2F 2-2: Fly out, F3 (Line Drive, 3)
|
Batting: LHB Jeff Simpson
|
0-0: Ball 1-0: Foul Ball, location: 2F 1-1: Fielders Choice at 2nd, 4-6 (Groundball, 4)
|
Pitching: RHP Kyle Buckman
|
|
Batting: RHB Enrique Marroquín
|
0-0: Ball 1-0: Ball 2-0: Foul Ball, location: 2F 2-1: Called Strike Jeff Simpson steals 2nd base 2-2: SINGLE (Groundball, 56D) Jeff Simpson to third Runner from 3rd tries for Home, SAFE, throw made home
|
Batting: LHB Curt Wilson
|
0-0: Foul Ball, location: 2F 0-1: Ball 1-1: Ball Enrique Marroquín is caught stealing 2nd base
|
Top of the 7th over - 1 run, 2 hits, 0 errors, 0 left on base; Chicago 5 - Buckhead 2 |
BOTTOM OF THE 7TH |
Buckhead Bowties batting - Pitching for Chicago Hawks : RHP Benny York
|
Batting: RHB Mike Burns
|
0-0: Called Strike 0-1: Ball 1-1: Ball 2-1: Fly out, F7 (Flyball, 7)
|
Batting: LHB Gregg Young
|
0-0: Ball 1-0: Ball 2-0: Foul Ball, location: 2F 2-1: Swinging Strike 2-2: Foul Ball, location: 2F 2-2: Foul Ball, location: 2F 2-2: Ball 3-2: Foul Ball, location: 2F 3-2: Strikes out looking
|
Batting: RHB Richard Jost
|
0-0: Ball 1-0: Called Strike 1-1: Ball 2-1: Ball 3-1: Called Strike 3-2: Fly out, F6 (Popup, 6MS)
|
Bottom of the 7th over - 0 runs, 0 hits, 0 errors, 0 left on base; Chicago 5 - Buckhead 2 |
TOP OF THE 8TH |
Chicago Hawks batting - Pitching for Buckhead Bowties : RHP Kyle Buckman
|
Batting: LHB Curt Wilson
|
0-0: Ball 1-0: Ball 2-0: Ball 3-0: Base on Balls
|
Batting: SHB Luis Manuel Flores
|
0-0: Bunted foul 0-1: Bunt missed! 0-2: TRIPLE (Line Drive, 78XD) Curt Wilson scores
|
Batting: SHB Juan Ortega
|
0-0: Ball 1-0: Called Strike 1-1: Swinging Strike 1-2: Ball 2-2: SINGLE (Groundball, 34D) Luis Manuel Flores scores
|
Batting: LHB Perry Bothof
|
0-0: Called Strike 0-1: Ball 1-1: Fly out, F8 (Flyball, 8LXD)
|
Batting: RHB Lorenzo Sabastro
|
0-0: Called Strike 0-1: Ball 1-1: Ball 2-1: Ball 3-1: Base on Balls Juan Ortega to second
|
Batting: RHB Luis Rodríguez
|
0-0: Ball 1-0: Ball 2-0: SINGLE (Groundball, 56D) Juan Ortega to third Lorenzo Sabastro to second Runner from 3rd tries for Home, SAFE, throw made home
|
Pitching: RHP Ron Manning
|
|
Batting: RHB Paddy Hodnett
|
0-0: Called Strike 0-1: Ball 1-1: Grounds into double play, 1-4-3 (Groundball, 15S)
|
Top of the 8th over - 3 runs, 3 hits, 0 errors, 1 left on base; Chicago 8 - Buckhead 2 |
BOTTOM OF THE 8TH |
Buckhead Bowties batting - Pitching for Chicago Hawks : RHP Benny York
|
Batting: RHB Vojtech Farkas
|
0-0: Swinging Strike 0-1: Called Strike 0-2: Ball 1-2: Ball 2-2: Strikes out swinging
|
Batting: RHB Todd Sentell
|
0-0: Foul Ball, location: 2F 0-1: Fly out, F9 (Line Drive, 9D)
|
Batting: RHB Kyle Vandenbrink
|
0-0: Ball 1-0: Swinging Strike 1-1: SINGLE (Groundball, 4D)
|
Batting: LHB José Valéncia
|
0-0: Ball 1-0: Fly out, F8 (Flyball, 8LS)
|
Bottom of the 8th over - 0 runs, 1 hit, 0 errors, 1 left on base; Chicago 8 - Buckhead 2 |
TOP OF THE 9TH |
Chicago Hawks batting - Pitching for Buckhead Bowties : RHP Ron Manning
|
Batting: LHB Jeff Simpson
|
0-0: Foul Ball, location: 2F 0-1: Foul Ball, location: 2F 0-2: Foul Ball, location: 2F 0-2: Strikes out swinging
|
Batting: RHB Enrique Marroquín
|
0-0: Ball 1-0: Ball 2-0: Foul Ball, location: 2F 2-1: Ball 3-1: Base on Balls
|
Batting: LHB Curt Wilson
|
0-0: Ball 1-0: Called Strike Enrique Marroquín steals 2nd base 1-1: SINGLE (Line Drive, 8RS) Enrique Marroquín to third Runner from 3rd tries for Home, throw and OUT!
|
Batting: SHB Luis Manuel Flores
|
0-0: Ball Wild Pitch! Curt Wilson to second 1-0: Foul Ball, location: 2F 1-1: Foul Ball, location: 2F 1-2: Ball 2-2: Foul Ball, location: 2F 2-2: Ball 3-2: Ground out 5-3 (Groundball, 56)
|
Top of the 9th over - 0 runs, 1 hit, 0 errors, 1 left on base; Chicago 8 - Buckhead 2 |
BOTTOM OF THE 9TH |
Buckhead Bowties batting - Pitching for Chicago Hawks : RHP Benny York
|
Batting: RHB Raúl Ruíz
|
0-0: Ball 1-0: Ball 2-0: Ball 3-0: Base on Balls
|
Batting: RHB Phil Baker
|
0-0: Grounds into double play, 4-6-3 (Groundball, 4)
|
Batting: RHB Mike Burns
|
0-0: Ball 1-0: Called Strike 1-1: Foul Ball, location: 2F 1-2: Ball 2-2: Strikes out swinging
|
Bottom of the 9th over - 0 runs, 0 hits, 0 errors, 0 left on base; Chicago 8 - Buckhead 2 |
|